 Dungeon Crawl Stone Soup version 0.27-a0-1149-g4505690ab0 (webtiles) character file.

Game seed: 8339106946856866962

18652 xXB1b13ThUmP3rXXSwAg the Ripper (level 12, 29/60 HPs)
             Began as a Felid Berserker on May 13, 2021.
             Was the Champion of Trog.
             Quit the game on level 6 of the Lair of Beasts.
             The game lasted 00:36:25 (26507 turns).

xXB1b13ThUmP3rXXSwAg the Ripper (Felid Berserker)  Turns: 26507, Time: 00:36:26

Health: 29/60      AC:  3    Str: 13    XL:     12   Next: 29%
Magic:  13/13      EV: 27    Int:  9    God:    Trog [******]
Gold:   1158       SH:  0    Dex: 20    Spells: 11/11 levels left
                                        Lives:  0   Deaths: 2

rFire    + + .     SeeInvis +     - Unarmed
rCold    + . .     Faith    .   (shield unavailable)
rNeg     . . .     Spirit   .   (armour unavailable)
rPois    .         Reflect  .   (helmet unavailable)
rElec    .         Harm     .   (cloak unavailable)
rCorr    .         Rampage  .   (gloves unavailable)
Will     +....                  (boots unavailable)
Stlth    ++........             v - amulet of the acrobat
HPRegen  0.20/turn              a - ring of protection from fire
MPRegen  0.13/turn              k - ring of protection from fire

@: on berserk cooldown, slowed, slow
A: very small, claws 1, fangs 3, see invisible, speed 1, shaggy fur 3, stealthy
paws, no weapons or thrown items, no armour, multi-lived
a: Renounce Religion, Berserk, Trog's Hand, Brothers in Arms


You were on level 6 of the Lair of Beasts.
You worshipped Trog.
Trog was exalted by your worship.
You visited 2 branches of the dungeon, and saw 19 of its levels.
You also visited: Sewer, Ossuary and Volcano.

You collected 1158 gold pieces.

Inventory:

Jewellery
 a - a ring of protection from fire (left paw)
 c - a ring of fire
 e - a ring of magical power
 g - a +6 ring of intelligence
 j - a ring of flight
 k - a ring of protection from fire (right paw)
 n - a ring of protection from fire
 t - a ring of resist corrosion
 v - an amulet of the acrobat (around neck)
Wands
 d - a wand of digging (2)
 h - a wand of acid (9)
 i - a wand of iceblast (14)
 p - a wand of paralysis (20)
 q - a wand of flame (25)
 y - a wand of mindburst (28)
Scrolls
 f - 2 scrolls of acquirement {unknown}
 l - a scroll of brand weapon {unknown}
 m - 2 scrolls of enchant weapon
 o - a scroll of torment {unknown}
 r - a scroll of silence {unknown}
 x - a scroll of holy word {unknown}
 D - a scroll of blinking
 E - 3 scrolls of fear
 F - 4 scrolls of fog
 K - a scroll of immolation
 X - a scroll of magic mapping {@r4}
 Y - 2 scrolls of teleportation {@r3}
 Z - 13 scrolls of identify {@r1}
Potions
 b - a potion of berserk rage {unknown}
 s - 4 potions of degeneration {unknown}
 u - 3 potions of haste {unknown}
 w - 2 potions of flight {unknown}
 z - a potion of magic {unknown}
 A - 3 potions of attraction
 B - 2 potions of brilliance
 G - a potion of ambrosia
 J - 13 potions of curing {@q1}
 M - 6 potions of might
 N - 2 potions of heal wounds {@q2}
 P - a potion of lignification
 R - 2 potions of resistance
 U - 2 potions of mutation


   Skills:
 + Level 11.2 Fighting
 - Level 12.0 Dodging
 * Level 19.0 Unarmed Combat


You had 11 spell levels left.
You didn't know any spells.
Your spell library was empty.

Dungeon Overview and Level Annotations

Branches:
Dungeon (13/15)            Temple (0/1) D:5            Lair (6/6) D:9
 Shoals (0/4) Lair:3       Spider (0/4) Lair:4        Slime (0/5) Lair:5
    Orc (0/2) D:9           Sewer (visited)         Ossuary (visited)
Volcano (visited)
 Vaults: D:13-14

Altars:
Hepliaklqana
Kikubaaqudgha
Makhleb
Nemelex Xobeh
Uskayaw
Xom
Zin
Jiyva

Shops:
D:6 [   D:7 (

Annotations:
D:7 4 runed translucent doors, Crazy Yiuf; Snicker's ghost, novice DsBr
D:8 2 runed translucent doors
Lair:1 2 transporters


Innate Abilities, Weirdness & Mutations

You have sharp claws.
You have razor-sharp teeth.
You have supernaturally acute eyesight. (SInv)
You cover ground quickly. (Speed+)
Your thick and shaggy fur keeps you warm. (AC +3, rC+)
Your paws help you pounce on unaware monsters.
You are incapable of wielding weapons or throwing items.
You cannot wear armour.
You gain extra lives every three experience levels.


Message History

The elephant looks frightened!
The blink frog blinks! x4
The elephant tramples the plant!
The plant begins to die.
Okay, then.
As you read the scroll of teleportation {@r3}, it crumbles to dust.
You feel strangely unstable.
The blink frog blinks! x2
An elephant comes into view.
You feel much better.
The elephant trumpets!
The blink frog hits you!
The blink frog blinks!
You feel much better.
Your surroundings suddenly seem different.
A boggart comes into view.
The boggart shouts!
A wolf comes into view.
The wolf howls!
A spriggan comes into view. It is wielding a +0 dagger.
The spriggan shouts!
A water moccasin comes into view.
The water moccasin hisses angrily.
You hear a bleat!
A wolf comes into view. x3; A boggart comes into view.
The spriggan hits you with a +0 dagger!
A dream sheep comes into view. x2
The boggart shouts!
The dream sheep bleats!
The wolf howls!
Unknown command.
Unknown command.
The wolf howls!
You claw the boggart!
The boggart is heavily wounded.
The boggart casts a spell.
The boggart blinks!
The boggart casts a spell.
The boggart blinks!
The spriggan hits you with a +0 dagger! The water moccasin bites you!
* * * LOW HITPOINT WARNING * * *
You claw the boggart! x2
You kill the boggart!
Trog appreciates your killing of a magic user.
A spriggan comes into view. It is wielding a +0 dagger.
Are you sure you want to abandon this character and quit the game? (Confirm with "yes".)

♣♣
.♣♣♣
...♣
♣♣Y.(♣
♣gY..♣
♣iS.♣
♣@h.♣
♣h♣♣♣
..♣
h.♣♣
♣h♣ ..
...
♣i♣


You could see a water moccasin, 2 spriggans, 4 wolves, 2 dream sheep and a
boggart.

Vanquished Creatures
  A stone giant (Volcano)
  A fire dragon (Lair:5)
  A boulder beetle (D:13)
  Harold (D:10)
  5 hydras
  Erica (D:10)
  2 two-headed ogres
  A death yak (Lair:5)
  Nergalle (Lair:4)
  An obsidian statue (Volcano)
  Pikel (D:5)
  A manticore (D:13)
  2 cyclopes (D:12)
  2 ugly things
  A black mamba (Lair:4)
  A gargoyle (Volcano)
  12 cane toads
  3 kobold demonologists
  Psyche (D:9)
  An unseen horror (D:11)
  Maggie (D:8)
  A rime drake (Lair:6)
  An efreet (Volcano)
  7 komodo dragons
  2 trolls
  2 jumping spiders (Lair:4)
  Prince Ribbit (D:5)
  6 blink frogs
  A redback (Lair:4)
  A shadow (D:9)
  5 wyverns
  Eustachio (D:4)
  5 wraiths
  7 fire bats (Volcano)
  A human (shapeshifter) (D:9)
  58 yaks
  A fire elemental (Volcano)
  2 basilisks
  2 steam dragons
  4 vampire mosquitoes (D:12)
  2 wargs (D:9)
  3 acid dragons
  12 water moccasins
  Purgy (Sewer)
  2 sky beasts (D:7)
  4 ice beasts
  6 orc warriors
  A black bear (D:5)
  An ogre (D:6)
  10 wolves
  A boggart (Lair:6)
  8 centaurs
  2 lemures (D:5)
  An elf zombie (Ossuary)
  11 kobold brigands
  Blork the orc (D:5)
  13 bullfrogs
  A scorpion (D:7)
  4 killer bees (D:9)
  9 wights
  7 howler monkeys
  3 electric eels
  6 lava snakes (Volcano)
  3 centaur zombies
  2 jellies
  3 orc priests
  A gnoll shaman (D:6)
  A hound (D:7)
  2 bullfrog skeletons (D:7)
  A centaur skeleton (D:6)
  A human zombie (Ossuary)
  Jessica (D:2)
  Natasha (thrice) (D:4)
  An iguana (D:6)
  5 orc wizards
  6 hell rats (Lair:6)
  3 hound skeletons
  3 mummies
  2 howler monkey zombies
  4 gnolls (D:6)
  8 adders
  A river rat (D:5)
  2 shadow imps
  2 white imps
  An ufetubus (D:6)
  An adder zombie (Ossuary)
  An adder skeleton (D:4)
  2 worms (D:5)
  4 dart slugs
  23 orcs
  5 endoplasms
  3 giant cockroaches (D:4)
  10 hobgoblins
  5 jackals
  39 kobolds
  2 quokkas (D:5)
  10 ball pythons
  4 bats
  2 frilled lizards
  10 goblins
  2 goblin zombies (Ossuary)
  9 hobgoblin zombies (Ossuary)
  2 jackal zombies (Ossuary)
  11 kobold zombies (Ossuary)
  6 orc zombies (Ossuary)
  2 rats (D:1)
  A rat zombie (Ossuary)
468 creatures vanquished.

Vanquished Creatures (collateral kills)
  Rupert (Lair:4)
  A hydra (Lair:4)
  A water moccasin (Lair:4)
  4 wolves (Lair:4)
7 creatures vanquished.

Vanquished Creatures (others)
  An orc wizard (D:9)
  20 fungi
  47 plants
68 creatures vanquished.

Grand Total: 543 creatures vanquished

Notes
Turn   | Place    | Note
-------+----------+-------------------------------------------
     0 | D:1      | xXB1b13ThUmP3rXXSwAg the Felid Berserker began the quest
                  | for the Orb.
     0 | D:1      | Reached XP level 1. HP: 10/10 MP: 2/2
   322 | D:1      | Found a faded altar of an unknown god.
   431 | D:1      | Reached XP level 2. HP: 5/14 MP: 3/3
  1441 | D:2      | Reached skill level 4 in Unarmed Combat
  1447 | D:2      | Reached XP level 3. HP: 17/17 MP: 4/4
  1602 | D:2      | Reached ** piety under Trog
  1995 | D:2      | Noticed Jessica
  2000 | D:2      | Killed Jessica
  2001 | D:2      | Reached XP level 4. HP: 21/21 MP: 5/5
  2570 | D:3      | Reached skill level 5 in Dodging
  2625 | D:3      | Reached skill level 5 in Unarmed Combat
  2839 | D:4      | Reached XP level 5. HP: 17/24 MP: 6/6
  3044 | D:4      | Found a sand-covered staircase.
  3090 | D:4      | Found a glowing silver altar of Zin.
  3398 | Ossuary  | Entered an ossuary
  3462 | Ossuary  | Reached *** piety under Trog
  3638 | Ossuary  | Gained mutation: You are covered in thick fur. (AC +2)
                  | [Felid growth]
  3638 | Ossuary  | Reached XP level 6. HP: 28/28 MP: 7/7
  3650 | Ossuary  | Reached skill level 6 in Unarmed Combat
  4124 | D:4      | Noticed Eustachio
  4163 | D:4      | Noticed Natasha
  4173 | D:4      | Killed Natasha
  4188 | D:4      | Noticed Natasha
  4201 | D:4      | Killed Natasha
  4235 | D:4      | Found a shimmering altar of Xom.
  4333 | D:4      | Noticed Natasha
  4342 | D:4      | Killed Natasha
  4425 | D:4      | Killed Eustachio
  4426 | D:4      | Reached skill level 7 in Unarmed Combat
  4426 | D:4      | Reached XP level 7. HP: 31/31 MP: 8/8
  4571 | D:5      | Entered Level 5 of the Dungeon
  4656 | D:5      | Reached **** piety under Trog
  4687 | D:5      | Found a glowing drain.
  4767 | Sewer    | Entered a sewer
  4910 | Sewer    | Noticed Purgy
  4926 | Sewer    | Killed Purgy
  5044 | D:5      | Noticed Pikel
  5220 | D:5      | Noticed Prince Ribbit
  5245 | D:5      | Killed Pikel
  5246 | D:5      | Reached skill level 8 in Unarmed Combat
  5246 | D:5      | Reached XP level 8. HP: 33/34 MP: 9/9
  5254 | D:5      | Killed Prince Ribbit
  5255 | D:5      | Reached skill level 9 in Unarmed Combat
  5291 | D:5      | Noticed Blork the orc
  5327 | D:5      | Killed Blork the orc
  5810 | D:5      | Found a staircase to the Ecumenical Temple.
  5844 | D:5      | Found a hazy altar of Hepliaklqana.
  5849 | D:5      | Found an ancient bone altar of Kikubaaqudgha.
  6305 | D:6      | Reached skill level 10 in Unarmed Combat
  6415 | D:6      | Found Baod's Antique Armour Emporium.
  6542 | D:6      | Found a sparkling altar of Nemelex Xobeh.
  6549 | D:6      | Found a burning altar of Makhleb.
  6610 | D:6      | Reached XP level 9. HP: 37/37 MP: 10/10
  7318 | D:7      | Reached skill level 10 in Dodging
  7603 | D:7      | Found Pytig's Weapon Boutique.
  7699 | D:7      | Found a runed translucent door.
  7700 | D:7      | Noticed Crazy Yiuf
  7833 | D:7      | Reached skill level 11 in Unarmed Combat
  8418 | D:7      | Found a runed translucent gate.
  8418 | D:7      | Found a runed translucent gate.
  8422 | D:7      | Found a runed translucent gate.
  8425 | D:7      | Noticed Snicker's ghost (novice DsBr)
  9044 | D:8      | Found a runed translucent door.
  9046 | D:8      | Found a runed translucent door.
  9895 | D:8      | Reached skill level 12 in Unarmed Combat
  9895 | D:8      | Reached XP level 10. HP: 42/42 MP: 11/11
  9997 | D:8      | Noticed Maggie
 10006 | D:8      | Killed Maggie
 10341 | D:9      | Reached ***** piety under Trog
 10412 | D:9      | Noticed a two-headed ogre
 10576 | D:9      | Reached skill level 13 in Unarmed Combat
 10679 | D:9      | Killed a two-headed ogre
 11303 | D:9      | Found a staircase to the Lair.
 11402 | D:9      | Reached skill level 14 in Unarmed Combat
 11406 | D:9      | Reached XP level 11. HP: 45/45 MP: 12/12
 12404 | D:9      | Found a staircase to the Orcish Mines.
 12407 | D:9      | Noticed Psyche
 12419 | D:9      | Killed Psyche
 13086 | D:10     | Entered Level 10 of the Dungeon
 13098 | D:10     | Reached skill level 5 in Fighting
 13100 | D:10     | Noticed Harold
 13310 | D:10     | Found the +18 shield of the Gong {rElec rN+ Will+ EV-5}
 13398 | D:10     | Noticed Erica
 13406 | D:10     | Killed Erica
 13513 | D:10     | Killed Harold
 13659 | D:10     | Reached skill level 15 in Unarmed Combat
 14290 | D:11     | Noticed a brown ugly thing
 14323 | D:11     | Killed a brown ugly thing
 14675 | D:11     | Noticed a two-headed ogre
 14684 | D:11     | Killed a two-headed ogre
 14943 | D:11     | Found a hide-covered altar of Uskayaw.
 15641 | D:12     | Gained mutation: Your thick and shaggy fur keeps you warm.
                  | (AC +3, rC+) [Felid growth]
 15641 | D:12     | Reached XP level 12. HP: 54/54 MP: 13/13
 16011 | D:12     | Reached ****** piety under Trog
 16208 | D:13     | Reached skill level 16 in Unarmed Combat
 16240 | D:13     | Noticed a six-headed hydra
 16251 | D:13     | Killed a six-headed hydra
 16666 | D:13     | Noticed a seven-headed hydra
 16679 | D:13     | Killed a seven-headed hydra
 16796 | D:13     | Noticed a boulder beetle
 16998 | D:13     | Killed a boulder beetle
 17155 | D:13     | Noticed a vault guard
 17155 | D:13     | Noticed a vault guard
 17294 | Lair:1   | Entered Level 1 of the Lair of Beasts
 17459 | Lair:1   | Noticed an eight-headed hydra
 17466 | Lair:1   | Killed an eight-headed hydra
 17781 | Lair:1   | Found a sparkling altar of Nemelex Xobeh.
 18536 | Lair:1   | Reached skill level 17 in Unarmed Combat
 18704 | Lair:1   | Found a transporter.
 18704 | Lair:1   | Found a transporter.
 18706 | Lair:1   | Noticed a boulder beetle
 19285 | Lair:2   | Found a dark tunnel.
 19294 | Volcano  | Entered a volcano
 19826 | Volcano  | Found a radiant altar of Vehumet.
 19826 | Volcano  | Noticed a stone giant
 19840 | Volcano  | Killed a stone giant
 19841 | Volcano  | Reached XP level 13. HP: 41/60 MP: 14/14
 21365 | Lair:3   | Found a staircase to the Shoals.
 21727 | Lair:3   | You fall into a shaft and drop 3 floors!
 21727 | Lair:6   | Entered Level 6 of the Lair of Beasts
 21839 | Lair:4   | Reached skill level 10 in Fighting
 22094 | Lair:5   | Noticed a fire dragon
 22121 | Lair:5   | Killed a fire dragon
 22205 | Lair:5   | Identified the +1 triple sword of Revolt {freeze, Str+5}
 22285 | Lair:5   | Reached skill level 18 in Unarmed Combat
 22296 | Lair:5   | Found a viscous altar of Jiyva.
 22296 | Lair:5   | Found a staircase to the Slime Pits.
 23153 | Lair:4   | Slain by a seven-headed hydra
 23154 | Lair:4   | Reached XP level 12. HP: -3/87 MP: 13/13
 23272 | Lair:4   | Noticed Rupert
 23283 | Lair:4   | Paralysed by Rupert for 6 turns
 23395 | Lair:4   | Killed a seven-headed hydra
 23469 | Lair:4   | Killed Rupert
 23896 | Lair:4   | Killed a seven-headed hydra
 24126 | Lair:4   | Found a hole to the Spider Nest.
 24534 | Lair:4   | Noticed Nergalle
 24548 | Lair:4   | Killed Nergalle
 24549 | Lair:4   | Reached XP level 13. HP: 63/63 MP: 14/14
 26463 | Lair:6   | Mangled by a seven-headed hydra
 26464 | Lair:6   | Reached XP level 12. HP: -9/90 MP: 13/13
 26485 | Lair:6   | Killed a seven-headed hydra
 26490 | Lair:6   | Reached skill level 19 in Unarmed Combat
 26507 | Lair:6   | Quit the game

Illustrated notes

Levels and vault maps discovered:
D:1:      doesnt_arrival_eight_statues, layout_basic,
          shapermc_ecumenical_altar_mp_highgroup
D:2:      layout_rooms, minmay_goblin_outpost, uniq_jessica
D:3:      layout_rooms
D:4:      layout_rooms, nicolae_overflow_crystal_walls, kennysheep_little_box,
          gup_ossuary_entry_pyramid, uniq_eustachio, uniq_natasha
D:5:      layout_basic, grunt_temple_overflow_open,
          minmay_temple_entry_enclosed_plants, gup_sewer_entry_bowl, hex_large,
          uniq_prince_ribbit1, uniq_blork_the_orc, uniq_pikel
D:6:      layout_basic, amethyst_overflow_temple_binary, serial_shops, shop
D:7:      layout_layer_cave, serial_shops, shop, gammafunk_ghost_necromancy,
          nrook_mini_vaults, solitary_fountain, uniq_crazy_yiuf_cottage
D:8:      lemuel_insect_pit, layout_basic, patterned_corridor, uniq_maggie
D:9:      layout_basic, dpeg_oklobed_lair, david_orc_1_choice,
          kennysheep_big_empty_room, grunt_potential, uniq_psyche
D:10:     layout_irregular_city, uniq_erica, uniq_harold
D:11:     layout_loops_corners, nicolae_uskayaw_dance_studio
D:12:     layout_cross
D:13:     layout_stronghold, erik_vaults_2
Lair:1:   gammafunk_boulding_lane, layout_layer_cave, basic_altar
Lair:2:   layout_cave_pods, nicolae_volcano_entry_lava_flow,
          beast_lair_carwin_10, grunt_megastairs_1
Lair:3:   layout_cave_pods, minmay_shoals_entry_centaurs, st_stairs_5,
          serial_bayou_crossing
Lair:4:   layout_cave_pods, spider_nest_entry_a, lemuel_fruit_tree,
          serial_bayou_shore_a, grunt_megastairs_5, uniq_rupert, uniq_nergalle
Lair:5:   dragon1_lemuel, layout_gridlike, slime_altar_1,
          chequers_serial_rivers_micro_a, beast_lair_carwin_4,
          serial_bayou_shore_b, lemuel_fruit_fields
Lair:6:   minmay_lair_end_enchanted_forest, layout_regular_city,
          gammafunk_ghost_abyssal_escape

Skill      XL: |  1  2  3  4  5  6  7  8  9 10 11 12 13 |
---------------+----------------------------------------+-----
Unarmed Combat | 4 5 7 8 10 12 14 15 19 18 | 19.0
Dodging        | 5 7 8 9 11 12 | 12.0
Fighting       | 7 9 11 | 11.2

Action                   |  1- 3 |  4- 6 |  7- 9 | 10-12 | 13-15 || total
-------------------------+-------+-------+-------+-------+-------++-------
Melee: Unarmed           |    73 |   228 |   258 |   727 |   211 ||  1497
       Punch             |     3 |    10 |    17 |    61 |    25 ||   116
       Bite              |     8 |    21 |    28 |    84 |    22 ||   163
Invok: Berserk           |     5 |    11 |    17 |    53 |    13 ||    99
       Trog's Hand       |       |     2 |     1 |     7 |     1 ||    11
       Brothers in Arms  |       |       |       |     3 |       ||     3
Evoke: Wand              |       |       |       |    18 |     3 ||    21
  Use: Scroll            |       |     3 |     8 |    13 |       ||    24
       Potion            |       |       |       |     4 |       ||     4
 Stab: Sleeping          |     1 |     1 |     1 |       |     2 ||     5
Armor: Skin              |     6 |    19 |     5 |    13 |    12 ||    55
Dodge: Dodged            |    79 |   244 |   191 |   627 |   199 ||  1340

Table legend: (Time is in decaauts)
 A = Elapsed time spent in this place.
 B = Non-inter-level travel time spent in this place.
 C = Inter-level travel time spent in this place.
 D = Time resting spent in this place.
 E = Time spent auto-exploring this place.
 F = Levels seen in this place.
 G = Mean time per level.
                   A        B        C        D        E       F      G
               +--------+--------+--------+--------+--------+-----+--------+
         Total |  24222 |  23346 |    876 |   4361 |  15361 |  22 | 1101.0 |
       Dungeon |  15097 |  14501 |    596 |   2569 |   9722 |  13 | 1161.3 |
          Lair |   7565 |   7285 |    280 |   1408 |   5009 |   6 | 1260.8 |
         Sewer |    262 |    262 |      0 |     52 |    164 |   1 |  262.0 |
       Ossuary |    618 |    618 |      0 |      0 |    252 |   1 |  618.0 |
       Volcano |    678 |    678 |      0 |    330 |    212 |   1 |  678.0 |
               +--------+--------+--------+--------+--------+-----+--------+

Top non-repeatable levels by time:
     D:9: 2780 daAuts
  Lair:4: 1824 daAuts
  Lair:1: 1718 daAuts
     D:8: 1620 daAuts
  Lair:5: 1395 daAuts
  Lair:3: 1353 daAuts
    D:11: 1302 daAuts
     D:1: 1231 daAuts
     D:7: 1207 daAuts
     D:5: 1206 daAuts
  Lair:2: 1192 daAuts
     D:4: 1040 daAuts
     D:6: 884 daAuts
     D:2: 878 daAuts
    D:12: 877 daAuts
